Map: Void Thrashing

Players

raincamp

  • Race: Terran Terran
  • Spawn Location: 9:00

raincamp

  • Race: Terran Terran

VOD

Have the link to the VOD?

Description

Time

  • Played on: Jan. 15, 2018, 12:26 p.m.
  • Length: 17:11
Show
View Real Time Build Order
Export as new Build Order

raincamp Terran 

Build Orders:  

Get SALT Encoding   

  11  0:48  Supply Depot  
Show
View Real Time Build Order
Export as new Build Order

raincamp Terran 

Build Orders:  

Get SALT Encoding   

  12  0:05  Starport Tech Lab  
  12  0:08  SCV  
  13  0:25  SCV  
  13  0:29  Supply Depot  
  15  0:42  SCV  
  16  1:04  SCV  
  17  1:21  SCV  
  17  1:30  Command Center  
  17  1:38  SCV  
  18  1:55  SCV  
  19  2:07  Assault Galleon  
  20  2:11  SCV  
  20  2:28  SCV  
  21  2:42  Engineering Bay, Refinery  
  21  2:45  SCV  
  21  2:48  Refinery  
  23  3:02  SCV  
  23  3:19  SCV  
  24  3:27  Reaper  
  24  3:28  SCV  
  26  3:36  Reaper, SCV  
  28  3:40  Supply Depot  
  28  3:45  SCV  
  29  3:58  SCV  
  31  4:02  SCV  
  31  4:15  SCV  
  33  4:23  Armory  
  33  4:26  Assault Galleon  
  33  4:32  SCV  
  33  4:36  Command Center  
  33  4:46  SCV  
  33  4:49  SCV  
  36  5:01  Jetpack Overdrive  
  36  5:03  SCV  
  36  5:06  SCV  
  39  5:31  SCV x2  
  39  5:41  Assault Galleon x2  
  39  5:42  Reaper  
  39  5:43  Reaper, Assault Galleon  
  39  5:48  SCV x2  
  43  6:04  LE9 Cluster Charges  
  44  6:30  SCV  
  44  6:32  Supply Depot  
  44  6:33  Supply Depot  
  44  6:41  Reaper x2  
  44  6:43  Horner Weapons Level 1  
  46  6:51  Reaper x2  
  46  6:55  Theia Raven  
  49  7:00  Reaper  
  49  7:01  Reaper  
  51  7:10  Reaper  
  51  7:11  Reaper  
  54  7:20  Reaper  
  54  7:22  SCV  
  54  7:29  Reaper  
  57  7:30  Reaper x4  
  57  7:39  Reaper x2, SCV  
  63  7:51  Reaper  
  63  7:52  Reaper x4  
  68  8:01  Reaper, Supply Depot  
  68  8:02  Reaper x4, Supply Depot  
  68  8:05  Theia Raven  
  75  8:10  Multi-Threaded Sensors  
  75  8:11  Reaper  
  75  8:12  Reaper x2  
  77  8:25  Reaper  
  77  8:26  Reaper x4  
  78  8:35  Reaper  
  78  8:36  Reaper x4  
  83  8:45  Reaper  
  83  8:46  Reaper x4  
  83  8:55  Reaper  
  82  9:00  Reaper  
  82  9:01  Reaper x3  
  82  9:05  Reaper  
  87  9:10  Reaper  
  87  9:11  Reaper x3  
  87  9:15  Reaper  
  91  9:20  Reaper x2  
  91  9:21  Reaper x2  
  91  9:25  Reaper  
  91  9:30  Reaper x4  
  91  9:35  Reaper  
  90  9:40  Reaper x4  
  90  9:45  Reaper  
  93  9:50  Reaper  
  93  9:57  Reaper x4  
  93  9:59  Reaper  
  98  10:06  Reaper  
  98  10:07  Reaper x3  
  98  10:09  Reaper  
  103  10:16  Reaper  
  103  10:17  Reaper x2  
  106  10:30  Supply Depot x2  
  106  10:33  Reaper  
  106  10:34  Reaper x4  
  111  10:43  Reaper  
  111  10:44  Reaper x4  
  116  10:53  Reaper  
  116  10:54  Reaper  
  116  10:57  Horner Weapons Level 2  
  118  11:03  Supply Depot  
  117  11:13  Reaper  
  117  11:14  Reaper x4  
  122  11:23  Reaper x2  
  122  11:24  Theia Raven, Reaper x3  
  122  11:29  Tactical Jump  
  129  11:33  Reaper x2  
  129  11:34  Reaper x3  
  134  11:48  Reaper  
  134  11:49  Reaper x4  
  139  11:58  Reaper  
  139  11:59  Reaper x3  
  138  12:26  Reaper  
  138  12:27  Reaper x4  
  143  12:36  Reaper  
  143  12:37  Reaper x4  
  147  12:46  Reaper x2  
  128  13:12  Reaper  
  128  13:13  Reaper x4  
  133  13:22  Reaper  
  133  13:23  Reaper x4  
  138  13:32  Reaper  
  138  13:33  Reaper x4  
  143  13:42  Reaper  
  143  13:43  Reaper x4  
  148  13:56  Reaper x2  
  153  14:00  Reaper  
  153  14:01  Reaper  
  153  14:05  Reaper  
  153  14:12  Reaper x4  
  156  14:22  Reaper x4  
  158  14:31  Reaper  
  158  14:32  Reaper x3  
  161  14:41  Reaper  
  161  14:42  Reaper x3  
  165  14:52  Reaper x3  
  112  15:02  Reaper x3  
  95  15:12  Reaper x3  
  97  15:22  Reaper x3  
  93  15:45  Reaper  
  93  15:46  Reaper x2  
  94  15:55  Reaper  
  94  15:56  Reaper x2  
  93  16:05  Reaper  
  93  16:06  Reaper x2  
  92  16:15  Reaper  
  92  16:16  Reaper  
Tags
 
Commander
HornerRaynor
Matchup
Co-op
Replay Pack
Co-op Speedrun
Add a new tag
Caveats
  • Supply blocks, unpowered buildings, or Contaminate may cause inaccurate times.
  • Supply counts are checked every 10 seconds.